 Dungeon Crawl Stone Soup version 0.21.1-1-g345015fe64 (webtiles) character file.

356 Oravi the Changer (level 6, -4/46 HPs)
             Began as a Merfolk Transmuter on May 3, 2018.
             Killed by divine providence
             ... invoked by an orc priest
              (15 damage)
             ... on level 4 of the Dungeon.
             The game lasted 00:09:38 (3345 turns).

Oravi the Changer (Merfolk Transmuter)              Turns: 3345, Time: 00:09:39

Health: -4/46      AC:  3    Str: 10    XL:     6   Next: 63%
Magic:  10/10      EV: 14    Int: 15    God:
Gold:   191        SH:  0    Dex: 14    Spells: 4/10 levels left

rFire    . . .     SeeInvis .     - Unarmed
rCold    . . .     Gourm    .   (no shield)
rNeg     . . .     Faith    .   b - +1 robe
rPois    .         Spirit   .   (no helmet)
rElec    .         Reflect  .   (no cloak)
rCorr    .         Harm     .   (no gloves)
MR       .....                  (no boots)
Stlth    ++........             (no amulet)
HPRegen  0.15/turn              n - ring of stealth
MPRegen  0.12/turn              (no ring)

@: no status effects
A: change form in water, swift swim, stealthy swim
a: no special abilities


You were on level 4 of the Dungeon.
You were not hungry.

You visited 1 branch of the dungeon, and saw 4 of its levels.

You collected 191 gold pieces.

Inventory:

Missiles
 a - 41 arrows
Armour
 b - a +1 robe (worn)
Jewellery
 m - an uncursed amulet of the gourmand {unknown}
 n - a ring of stealth (left hand)
Scrolls
 l - a scroll of fog
 o - a scroll of remove curse
 p - a scroll of enchant weapon
 r - a scroll of amnesia {unknown}
 t - a scroll of enchant armour
 u - 2 scrolls of magic mapping
Potions
 e - 2 potions of haste
 f - a potion of agility {unknown}
 g - a potion of might {unknown}
 h - 2 potions of brilliance {unknown}
 i - a potion of ambrosia {unknown}
 j - a potion of heal wounds {unknown}
 k - 3 potions of cancellation {unknown}
 q - 3 potions of curing {unknown}
 s - a potion of mutation {unknown}
 v - a potion of magic {unknown}
Books
 c - a book of Changes

   Spells                             Type                      Level
   a - Beastly Appendage              Transmutation                1
   b - Sticks to Snakes               Transmutation                2
   c - Spider Form                    Transmutation/Poison         3
   d - Ice Form                       Ice/Transmutation            4
   e - Blade Hands                    Transmutation                5
Comestibles
 d - 11 rations
 w - 6 chunks of flesh


   Skills:
 + Level 2.5 Fighting
 + Level 3.8 Dodging
 + Level 5.0 Unarmed Combat
 + Level 2.7 Spellcasting
 + Level 5.1 Transmutations
 + Level 2.1 Poison Magic


You had 4 spell levels left.
You knew the following spells:

 Your Spells              Type           Power        Failure   Level  Hunger
a - Spider Form           Tmut/Pois      ##........   14%         3    ###....
b - Sticks to Snakes      Tmut           ###.....     3%          2    ##.....
c - Beastly Appendage     Tmut           ###...       2%          1    #......


Dungeon Overview and Level Annotations

Branches:
Dungeon (4/15)
 Temple: D:4-7

Altars:


Message History

Your +1 robe unmelds from your body.
The orc wizard casts a spell at you. The puff of frost misses you.
The orc wizard mumbles some strange words.
The orc wizard seems to speed up.
There is an open door here.
The orc wizard looks encouraged for a moment.
You kill the orc wizard!
There is an open door here.
Items here: ))) [[ รท The orc priest calls down the wrath of Beogh upon you.
Beogh smites you!
* * * LOW HITPOINT WARNING * * *
Eating one of 7 chunks of flesh.
You eat one of the 7 chunks of flesh.
This raw flesh tastes terrible.
The orc priest looks encouraged for a moment.
There is a stone staircase leading up here.
The orc priest mumbles some strange prayers to Beogh against you.
Beogh smites you!
You die...

#.# #.#
#####.###.#
o...o....>#
#####o#####
#.# #.# #.#
#.############
#.....oo....@#
##############


You could see an orc priest and an orc.

Vanquished Creatures
  2 orc priests
  An iguana (D:3)
  3 orc wizards
  A worker ant (D:3)
  3 adders (D:2)
  2 oozes
  A worm (D:3)
  5 dart slugs
  3 leopard geckos
  13 orcs
  4 giant cockroaches
  16 goblins
  10 hobgoblins
  10 jackals
  11 kobolds
  3 quokkas
  2 ball pythons
  3 bats
  5 frilled lizards
  A jackal skeleton (D:4)
  9 rats
108 creatures vanquished.

Notes
Turn   | Place    | Note
-------+----------+-------------------------------------------
     0 | D:1      | Oravi the Merfolk Transmuter began the quest for the Orb.
     0 | D:1      | Reached XP level 1. HP: 15/15 MP: 3/3
   260 | D:1      | Reached XP level 2. HP: 16/21 MP: 5/5
   897 | D:1      | Reached XP level 3. HP: 26/26 MP: 4/6
   904 | D:1      | Learned a level 2 spell: Sticks to Snakes
   908 | D:1      | Learned a level 3 spell: Spider Form
  1589 | D:2      | Reached XP level 4. HP: 29/32 MP: 0/7
  2178 | D:3      | Reached XP level 5. HP: 37/37 MP: 1/8
  2231 | D:3      | Reached skill level 1 in Poison Magic
  2738 | D:3      | Reached XP level 6. HP: 41/44 MP: 3/9
  3252 | D:4      | Reached skill level 5 in Transmutations
  3290 | D:4      | Reached skill level 5 in Unarmed Combat
  3345 | D:4      | Killed from afar by an orc priest

Skill      XL: |  1  2  3  4  5  6 |
---------------+-------------------+-----
Transmutations | 3 4 5 |  5.1
Unarmed Combat | 4 5 |  5.0
Dodging        | 3 |  3.8
Poison Magic   | 1 2 |  2.1
Fighting       | 2 |  2.5
Spellcasting   | |  2.7

Action                   |  1- 3 |  4- 6 || total
-------------------------+-------+-------++-------
Melee: Unarmed           |    96 |   182 ||   278
       Headbutt          |    10 |     4 ||    14
       Punch             |       |     2 ||     2
 Cast: Beastly Appendage |    20 |     4 ||    24
       Spider Form       |     2 |    23 ||    25
  Use: Scroll            |     3 |     6 ||     9
 Stab: Sleeping          |     1 |     5 ||     6
       Distracted        |       |     1 ||     1
  Eat: Chunk             |     3 |    10 ||    13
Armor: Robe              |     5 |     3 ||     8
       Skin              |       |     9 ||     9
Dodge: Dodged            |    56 |   145 ||   201
